 Dungeon Crawl Stone Soup version 0.20.1-1-g8b1a95d (webtiles) character file.

2870 dmj the Shield-Bearer (level 9, 0/88 HPs)
             Began as a Troll Fighter on July 30, 2017.
             Killed from afar by an electric eel (10 damage)
             ... with a bolt of electricity
             ... on level 8 of the Dungeon.
             The game lasted 00:44:34 (6044 turns).

dmj the Shield-Bearer (Troll Fighter)               Turns: 6044, Time: 00:44:34

Health: 0/88       AC:  5    Str: 31    XL:     9   Next: 47%
Magic:  8/8        EV: 11    Int:  4    God:    Xom [..*...]
Gold:   0          SH: 19    Dex:  9    Spells: 8/8 levels left

rFire    . . .     SeeInvis .     - Unarmed
rCold    . . .     Gourm    +   b - +2 shield
rNeg     . . .     Faith    .   B - +0 robe
rPois    .         Spirit   .   (helmet restricted)
rElec    .         Reflect  +   (no cloak)
rCorr    .         Harm     .   (gloves unavailable)
MR       +....                  (boots unavailable)
Stlth    ++........             s - +6 amulet of reflection
Regen    0.7/turn               e - ring of protection from magic
MPRegen  0.2/turn               d - +2 ring of strength

@: no status effects
A: unfitting armour, claws 3, fast metabolism 3, gourmand, regeneration 1,
shaggy fur 1, tough skin 2
a: Renounce Religion


You were on level 8 of the Dungeon.
You worshipped Xom.
You were a toy of Xom.
You were not hungry.

You visited 2 branches of the dungeon, and saw 8 of its levels.
You also visited: Sewer.

You collected 60 gold pieces.
You spent 60 gold pieces at shops.

Inventory:

Hand Weapons
 j - a +0 spear
 n - a +0 hunting sling
 o - a +0 spear of flaming
 u - the cursed +0 dagger "Qonumel" {speed, Str+4, unknown}
   (You found it on level 5 of the Dungeon)

   Attacks with this weapon are significantly faster.
   It affects your strength (+4).
   It has a curse placed upon it.
 y - a +0 blowgun
Missiles
 A - 2 poisoned needles
Armour
 a - a +0 robe
 b - a +2 shield (worn)
 r - a +0 buckler
 B - a +0 robe (worn)
Jewellery
 d - a +2 ring of strength (right claw)
 e - a ring of protection from magic (left claw)
 p - an uncursed ring of resist corrosion
 s - a +6 amulet of reflection (around neck)
Wands
 m - a wand of enslavement (11/24)
 E - a wand of random effects (9/48)
Scrolls
 f - 6 scrolls of identify
 g - a scroll of amnesia
 i - 3 scrolls of remove curse
 v - a scroll of fog
 w - 3 scrolls of recharging
 x - a scroll of enchant armour
Potions
 c - a potion of might
 h - 9 potions of heal wounds
 k - a potion of mutation {unknown}
 l - 7 potions of curing
 q - 5 potions of agility {unknown}
 t - a potion of haste {unknown}
 z - a potion of flight {unknown}
Books
 C - a book of Necromancy

   Spells                             Type                      Level
   a - Pain                           Necromancy                   1
   b - Animate Skeleton               Necromancy                   1
   c - Vampiric Draining              Necromancy                   3
   d - Regeneration                   Charms/Necromancy            3
   e - Animate Dead                   Necromancy                   4
   f - Control Undead                 Necromancy                   4
Comestibles
 F - 3 royal jellies


   Skills:
 + Level 5.2 Fighting
 + Level 2.7 Polearms
 + Level 3.9 Armour
 + Level 6.1 Dodging
 + Level 2.2 Stealth
 + Level 7.1 Shields
 + Level 6.3 Unarmed Combat


You had 8 spell levels left.
You didn't know any spells.

Dungeon Overview and Level Annotations

Branches:
Dungeon (8/15)             Temple (1/1) D:7
   Lair: D:8-11

Altars:
Ashenzari
Cheibriados
Dithmenos
Elyvilon
Fedhas
Hepliaklqana
Kikubaaqudgha
Makhleb
Okawaru
Trog
Uskayaw
Vehumet
Xom
Yredelemnul
Zin
The Shining One
Lugonu

Shops:
D:5 !

Annotations:
D:8 Maurice


Innate Abilities, Weirdness & Mutations

You are too large for most types of armour.
You have claws for hands.
Your metabolism is lightning-fast.
You like to eat raw meat.
Your natural rate of healing is unusually fast.
You are covered in fur. (AC +1)
You have very tough skin. (AC +2)


Message History

An electric eel is nearby!
An orc comes into view. It is wielding an enchanted dagger.
Found a royal jelly.
An orc comes into view.
The electric eel shoots out a bolt of lightning at you!
The bolt of electricity hits the orc.
The orc dies!
The bolt of electricity hits you!
The orc shouts!
You see here 20 arrows.
The electric eel shoots out a bolt of lightning at you!
The bolt of electricity hits you!
* * * LOW HITPOINT WARNING * * *
The bolt of electricity hits you!
* * * LOW HITPOINT WARNING * * *
The bolt of electricity hits the electric eel.
The electric eel completely resists.
The electric eel shoots out a bolt of lightning at you!
The bolt of electricity hits you!
You die...

#...........
#...........
#....≈≈≈≈≈..
#...o≈≈≈o...
#....≈≈≈...#
#.....;....#
#.....≈o...#
#....(.....#
######
####@#######
#..... #.# #.####
#.###########.####
#>...)......)†....
#.########...)####
#.#...........#
#.#...........#
#.............#
#.............#


You could see an electric eel, an orc priest and 2 orcs.

Vanquished Creatures
  2 hungry ghosts
  A sky beast (D:7)
  2 orc warriors (D:7)
  A phantom (D:7)
  2 ogres (D:7)
  A black bear (D:7)
  3 centaurs
  3 big kobolds (Sewer)
  An elf zombie (D:6)
  2 bullfrogs (D:6)
  An elf skeleton (D:6)
  A scorpion (D:6)
  An electric eel (D:8)
  A howler monkey (D:6)
  3 crimson imps
  3 hounds
  3 orc priests
  A human zombie (D:6)
  A jelly (D:7)
  8 orc wizards
  An iguana (D:7)
  A human skeleton (D:6)
  3 worker ants
  2 hound skeletons
  4 gnolls (D:3)
  9 adders
  A river rat (D:5)
  3 oozes (Sewer)
  An adder zombie (D:8)
  An adder skeleton (D:5)
  A worm (D:6)
  11 leopard geckos
  17 orcs
  10 bats
  3 giant cockroaches
  11 goblins
  5 hobgoblins
  2 jackals (D:1)
  4 quokkas
  2 ball pythons
  4 frilled lizards
  14 kobolds
  A leopard gecko zombie (D:7)
  2 orc skeletons (D:6)
  9 rats
  2 demonic plants (Temple)
  A plant (Sewer)
166 creatures vanquished.

Vanquished Creatures (collateral kills)
  An orc (D:7)
1 creature vanquished.

Vanquished Creatures (others)
  A centaur (D:8)
  An orc (D:8)
  A kobold (Sewer)
3 creatures vanquished.

Grand Total: 170 creatures vanquished

Notes
Turn   | Place    | Note
-------+----------+-------------------------------------------
     0 | D:1      | dmj the Troll Fighter began the quest for the Orb.
     0 | D:1      | Reached XP level 1. HP: 22/22 MP: 0/0
    60 | D:1      | Reached XP level 2. HP: 27/29 MP: 1/1
   291 | D:1      | Reached XP level 3. HP: 32/36 MP: 2/2
   757 | D:2      | Reached skill level 3 in Shields
   829 | D:2      | Found a radiant altar of Vehumet.
   829 | D:2      | Found a shimmering altar of Xom.
   851 | D:2      | Became a worshipper of Xom of Bone-Dry Humour
  1126 | D:2      | XOM: divination: detect creatures
  1260 | D:3      | Reached XP level 4. HP: 43/44 MP: 3/3
  1398 | D:3      | Found an iron altar of Okawaru.
  1442 | D:3      | XOM: silly message
  1503 | D:3      | XOM: divination: detect creatures
  1581 | D:3      | You fall through a shaft for 3 floors!
  1632 | D:6      | Noticed a bullfrog
  1633 | D:6      | XOM: potion effect (experience)
  1633 | D:6      | Reached skill level 5 in Fighting
  1633 | D:6      | Reached skill level 5 in Dodging
  1633 | D:6      | Reached skill level 5 in Shields
  1633 | D:6      | Reached XP level 5. HP: 57/57 MP: 4/4
  1641 | D:6      | Reached XP level 6. HP: 64/66 MP: 5/5
  1714 | D:6      | XOM: divination: detect items
  1724 | D:6      | XOM: potion effect (heal wounds)
  1822 | D:6      | Reached XP level 7. HP: 71/72 MP: 6/6
  1843 | D:6      | XOM: harmless Hex miscast
  2214 | D:6      | XOM: harmless Erth miscast
  2249 | D:6      | Found a sand-covered staircase.
  2270 | D:6      | XOM: harmless Chrm miscast
  2451 | D:6      | XOM: harmless Erth miscast
  2516 | D:6      | XOM: harmless Erth miscast
  2685 | D:6      | XOM: mild Hex miscast
  2704 | D:5      | Entered Level 5 of the Dungeon
  2745 | D:5      | Found Luibecw's Distillery.
  2751 | D:5      | Bought a potion of heal wounds for 60 gold pieces
  2906 | D:5      | Found a shimmering altar of Xom.
  2955 | D:5      | Got a fine dagger
  2984 | D:5      | Reached skill level 6 in Shields
  2993 | D:5      | XOM: harmless Erth miscast
  2999 | D:5      | Reached XP level 8. HP: 50/80 MP: 7/7
  3009 | D:5      | XOM is BORED!
  3009 | D:5      | XOM: torment (30/80 hp)
  3174 | D:5      | Found a bloodstained altar of Trog.
  3241 | D:5      | XOM is BORED!
  3241 | D:5      | XOM: medium Air miscast
  3398 | D:5      | Found a glowing drain.
  3402 | Sewer    | Entered a sewer
  3688 | Sewer    | Reached skill level 5 in Unarmed Combat
  4053 | D:7      | XOM: fog
  4055 | D:7      | XOM: enchant monster (good)
  4121 | D:7      | XOM: confusion (+ monsters)
  4132 | D:7      | XOM: confusion (+ monsters)
  4133 | D:7      | Found a shattered altar of Ashenzari.
  4421 | D:7      | XOM: harmless Ice miscast
  4423 | D:7      | XOM: harmless Tloc miscast
  4437 | D:7      | XOM: noise
  4459 | D:7      | Reached XP level 9. HP: 80/88 MP: 8/8
  4492 | D:7      | Found a glowing golden altar of the Shining One.
  4493 | D:7      | Found a glowing silver altar of Zin.
  4505 | D:7      | Found a white marble altar of Elyvilon.
  4519 | D:7      | XOM: mild Chrm miscast
  4545 | D:7      | Found a flagged portal.
  4545 | D:7      | XOM: 3-stop teleportation journey
  4738 | D:7      | XOM: scenery: create altars
  4879 | D:7      | XOM: confuse monster(s)
  4896 | D:7      | XOM: scenery: 1 doors open
  4904 | D:7      | XOM: confuse monster(s)
  4948 | D:7      | XOM: cloud trail
  5019 | D:7      | XOM: confusion (+ monsters)
  5021 | D:7      | XOM: cast spell 'Ring of Flames'
  5042 | D:7      | Reached skill level 7 in Shields
  5081 | D:7      | Found a staircase to the Ecumenical Temple.
  5093 | Temple   | Entered the Ecumenical Temple
  5151 | Temple   | XOM: mild Hex miscast
  5839 | D:8      | Noticed Maurice
  5861 | D:8      | XOM: swap monsters
  6018 | D:8      | XOM: harmless Hex miscast
  6044 | D:8      | Killed from afar by an electric eel

Skill      XL: |  1  2  3  4  5  6  7  8  9 |
---------------+----------------------------+-----
Shields        | 3 5 6 7 |  7.1
Unarmed Combat | 3 4 5 6 |  6.3
Dodging        | 5 6 |  6.1
Fighting       | 5 |  5.2
Polearms       | 2 |  2.7
Armour         | 3 |  3.9
Stealth        | 2 |  2.2

Action                   |  1- 3 |  4- 6 |  7- 9 || total
-------------------------+-------+-------+-------++-------
Melee: Unarmed           |   128 |    59 |   388 ||   575
       Spear             |       |    29 |    34 ||    63
  Use: Scroll            |     7 |       |     9 ||    16
       Potion            |     1 |       |     1 ||     2
 Stab: Sleeping          |       |       |     1 ||     1
       Confused          |       |       |     1 ||     1
  Eat: Bread ration      |     2 |     1 |     4 ||     7
       Chunk             |     1 |       |     4 ||     5
       Meat ration       |       |       |     5 ||     5
Armor: Robe              |    60 |    38 |    44 ||   142
Dodge: Dodged            |    75 |    44 |    92 ||   211
Block: Shield            |    77 |    61 |   310 ||   448
       Reflection        |       |       |    22 ||    22
